 Dungeon Crawl Stone Soup version 0.30-a0-174-gbc10bd73c2 (webtiles) character file.

Game seed: 4706970633307589243

438 qw the Chopper (level 7, -5/43 HPs)
             Began as a Gargoyle Fighter on Oct 1, 2022.
             Slain by an ice beast (8 damage)
             ... on level 5 of the Dungeon.
             The game lasted 00:01:01 (3001 turns).

qw the Chopper (Gargoyle Fighter)                   Turns: 3001, Time: 00:01:02

Health: -5/43      AC: 17    Str: 22      XL:     7   Next: 1%
Magic:  7/7        EV:  9    Int:  7 (8)  God:
Gold:   206        SH:  4    Dex:  9      Spells: 6/6 levels left

rFire   . . .      SeeInvis +    Y - +0 war axe
rCold   . . .      Faith    .    c - +0 buckler
rNeg    + . .      Spirit   .    b - +0 scale mail
rPois   inf        Reflect  .    n - +1 helmet
rElec   +          Harm     .    (no cloak)
rCorr   .          Rampage  .    m - +1 pair of gloves
Will    .....                    h - +0 pair of boots
Stlth   ..........               (no amulet)
HPRegen 0.27/turn                (no ring)
MPRegen 0.10/turn                (no ring)

@: no status effects
A: sickness immunity, AC +4, negative energy resistance 1, electricity
resistance, torment resistance 1, petrification resistance, see invisible,
deterioration 1, sense surroundings 1
a: no special abilities


You were on level 5 of the Dungeon.
You visited 1 branch of the dungeon, and saw 5 of its levels.

You collected 206 gold pieces.


Innate Abilities, Weirdness & Mutations

You are immune to sickness and miasma.
Your stone body is resilient. (AC +4)
You are immune to poison.
You resist negative energy. (rN+)
You are resistant to electric shocks. (rElec)
You are resistant to unholy torment.
You are immune to petrification.
You have supernaturally acute eyesight. (SInv)
Your body sometimes deteriorates upon taking damage.
You passively map a small area around you.


   Skills:
 - Level 4.2 Fighting
 + Level 5.7 Axes
 - Level 3.2 Armour
 - Level 1.8 Dodging
 - Level 3.2 Shields


You had 6 spell levels left.
You didn't know any spells.
Your spell library was empty.

Inventory:

Hand Weapons
 r - a +0 flail
 Y - a +0 war axe (weapon)
Missiles
 l - 4 boomerangs (quivered)
Armour
 b - a +0 scale mail (worn)
 c - a +0 buckler (worn)
 h - a +0 pair of boots (worn)
 m - a +1 pair of gloves (worn)
 n - a +1 helmet (worn)
Scrolls
 a - 3 scrolls of identify
Potions
 d - a potion of might
 f - a potion of curing
 j - a potion of cancellation
 k - a potion of heal wounds {unknown}
 o - a potion of ambrosia {unknown}
 p - a potion of berserk rage {unknown}
 q - a potion of lignification {unknown}

Dungeon Overview and Level Annotations

Branches:
Dungeon (5/15)
 Temple: D:4-7

Altars:
Dithmenos
Hepliaklqana


Message History

An ice beast comes into view.
The quokka bites you but does no damage.
You barely miss the quokka. The quokka barely misses you.
You slash the quokka!
You kill the quokka!
You see here a quokka corpse.
Throw: 4 boomerangs
Press: ? - help, Q - select action Shift-Dir - straight line, f - ice beast You throw a boomerang.
The boomerang barely misses the ice beast.
Throw: 4 boomerangs
Press: ? - help, Q - select action Shift-Dir - straight line, f/p - ice beast You throw a boomerang.
The boomerang barely misses the ice beast.
You closely miss the ice beast.
The ice beast hits you but does no damage.
You barely miss the ice beast.
The ice beast hits you but does no damage.
You slash the ice beast!
The ice beast is heavily wounded.
The ice beast hits you but does no damage.
You slash the ice beast!
The ice beast is almost dead.
The ice beast hits you. The ice beast freezes you!
Your body deteriorates!
You feel dopey. The ice beast hits you. The ice beast freezes you!
You barely miss the ice beast.
The ice beast is almost dead.
The ice beast hits you. The ice beast freezes you!
You barely miss the ice beast.
The ice beast is almost dead.
The ice beast hits you but does no damage.
You barely miss the ice beast.
The ice beast is almost dead.
The ice beast hits you but does no damage.
You barely miss the ice beast.
The ice beast is almost dead.
The ice beast hits you. The ice beast freezes you!
You die...

* *#.#.#...#.# #.#
,
#.#[#####.######.#
#.#..............#
#.#######.########
* #.# ,, #.# #.#
*,#.# , *#.# * #.#
#.# #.# *#@# ,#.#
#....Y.....#.# ***
#..........#_. , *
#..........#
#...........
*#..........# ,,,
...........#
###.......... , ,
,


You could see an ice beast.

Vanquished Creatures
  An ogre (D:4)
  A scorpion (D:4)
  3 orc priests
  A hound (D:4)
  An iguana (D:4)
  2 orc wizards
  Robin (D:2)
  3 adders
  A worm (D:2)
  3 dart slugs (D:1)
  6 orcs
  7 ball pythons
  3 bats
  An endoplasm (D:3)
  10 goblins
  5 hobgoblins
  2 jackals (D:3)
  3 quokkas
  4 frilled lizards
  4 kobolds
  2 rats (D:2)
64 creatures vanquished.

Notes
Turn   | Place    | Note
-------+----------+-------------------------------------------
     0 | D:1      | qw the Gargoyle Fighter began the quest for the Orb.
     0 | D:1      | Reached XP level 1. HP: 14/14 MP: 1/1
     0 | D:1      | 0 ||| qw: Version: 0.2-a-13-gfc7b4b4
     0 | D:1      | 0 ||| qw: Game counter: 1930
     0 | D:1      | 0 ||| qw: Always use a shield: true
     0 | D:1      | 0 ||| qw: God list: Okawaru
     0 | D:1      | 0 ||| qw: Allow faded altars: false
     0 | D:1      | 0 ||| qw: Do Orc after D:15 true
     0 | D:1      | 0 ||| qw: Do second Lair branch before Depths: true
     0 | D:1      | 0 ||| qw: Lair rune preference: random
     0 | D:1      | 0 ||| qw: Plans: Normal, Zot:1-4, God:TSO, Crypt, Tomb,
                  | Pan, Slime:5, Hells, Abyss, Orb
     0 | D:1      | 0 ||| PLANNING D:1-11
    44 | D:1      | Reached skill level 2 in Axes
    79 | D:1      | 79 ||| Stepping ~*~*~tactically~*~*~ (hiding).
   113 | D:1      | Reached XP level 2. HP: 16/19 MP: 2/2
   255 | D:1      | 255 ||| Stepping ~*~*~tactically~*~*~ (stealth).
   586 | D:1      | Found a faded altar of an unknown god.
   679 | D:1      | 679 ||| READING scroll labelled MAKORE XOGINO.
   680 | D:1      | 680 ||| READING scroll labelled GOTADO DEUGETTU.
   681 | D:1      | 681 ||| DRINKING 2 viscous golden potions.
   682 | D:1      | 682 ||| DROPPING potion of flight.
   796 | D:2      | Reached skill level 3 in Axes
   870 | D:2      | Noticed Robin
   871 | D:2      | 871 ||| Stepping ~*~*~tactically~*~*~ (hiding).
   875 | D:2      | 875 ||| Stepping ~*~*~tactically~*~*~ (hiding).
   877 | D:2      | Reached XP level 3. HP: 23/23 MP: 3/3
   893 | D:2      | Killed Robin
  1228 | D:2      | Reached XP level 4. HP: 28/28 MP: 4/4
  1303 | D:2      | 1303 ||| UPGRADING to +0 helmet.
  1308 | D:2      | 1308 ||| READING 2 scrolls labelled DOITITIOLOE.
  1309 | D:2      | 1309 ||| READING scroll labelled VOXKACV XILU.
  1310 | D:2      | 1310 ||| DRINKING 2 glowing pink potions.
  1568 | D:3      | Reached skill level 4 in Axes
  1568 | D:3      | 1568 ||| Stepping ~*~*~tactically~*~*~ (hiding).
  1578 | D:3      | Reached XP level 5. HP: 12/32 MP: 5/5
  1658 | D:3      | 1658 ||| DROPPING +0 whip.
  1683 | D:3      | 1683 ||| READING scroll of enchant armour.
  1683 | D:3      | 1683 ||| ENCHANTING +0 helmet.
  1688 | D:3      | 1688 ||| Stepping ~*~*~tactically~*~*~ (stealth).
  1802 | D:3      | 1802 ||| Stepping ~*~*~tactically~*~*~ (stealth).
  2009 | D:3      | 2009 ||| DROPPING orb of energy.
  2010 | D:3      | 2010 ||| UPGRADING to +0 pair of gloves.
  2015 | D:3      | 2015 ||| READING scroll labelled PEEQ YGAGAU.
  2116 | D:3      | 2116 ||| READING scroll labelled FAALEKLIMEG.
  2119 | D:3      | 2119 ||| DRINKING 2 smoky emerald potions.
  2119 | D:3      | Gained mutation: You possess an exceptional clarity of
                  | mind. [potion of mutation]
  2119 | D:3      | Gained mutation: You are frail. (-10% HP) [potion of
                  | mutation]
  2119 | D:3      | Gained mutation: You have very sharp teeth. [potion of
                  | mutation]
  2120 | D:3      | 2120 ||| DRINKING potion of mutation.
  2120 | D:3      | Lost mutation: You have very sharp teeth. [potion of
                  | mutation]
  2120 | D:3      | Lost mutation: You are frail. (-10% HP) [potion of
                  | mutation]
  2120 | D:3      | Gained mutation: You have hidden genetic defects. [potion
                  | of mutation]
  2120 | D:3      | Gained mutation: You passively map a small area around you.
                  | [potion of mutation]
  2120 | D:3      | Gained mutation: You have supernaturally acute eyesight.
                  | (SInv) [potion of mutation]
  2192 | D:4      | 2192 ||| Stepping ~*~*~tactically~*~*~ (stealth).
  2194 | D:4      | 2194 ||| Stepping ~*~*~tactically~*~*~ (stealth).
  2197 | D:4      | 2197 ||| Stepping ~*~*~tactically~*~*~ (hiding).
  2208 | D:4      | Reached skill level 5 in Axes
  2216 | D:4      | Gained mutation: Your body sometimes deteriorates upon
                  | taking damage. [hidden defects]
  2322 | D:4      | 2322 ||| Stepping ~*~*~tactically~*~*~ (hiding).
  2326 | D:4      | Lost mutation: You possess an exceptional clarity of mind.
                  | [hidden defects]
  2326 | D:4      | Lost mutation: You have hidden genetic defects. [hidden
                  | defects expressed]
  2339 | D:4      | Reached XP level 6. HP: 36/38 MP: 6/6
  2358 | D:4      | Found a hazy altar of Hepliaklqana.
  2516 | D:4      | 2516 ||| Stepping ~*~*~tactically~*~*~ (stealth).
  2518 | D:4      | 2518 ||| Stepping ~*~*~tactically~*~*~ (hiding).
  2519 | D:4      | 2519 ||| Stepping ~*~*~tactically~*~*~ (hiding).
  2520 | D:4      | 2520 ||| Stepping ~*~*~tactically~*~*~ (hiding).
  2523 | D:4      | HP: 5/38 [ogre/+0 giant club (22)]
  2525 | D:4      | Reached skill level 1 in Dodging
  2683 | D:4      | 2683 ||| READING scroll of enchant armour.
  2683 | D:4      | 2683 ||| ENCHANTING +0 pair of gloves.
  2765 | D:4      | Reached XP level 7. HP: 38/43 MP: 7/7
  2881 | D:4      | 2881 ||| UPGRADING to +0 pair of boots.
  2886 | D:4      | 2886 ||| READING 5 scrolls of identify.
  2886 | D:4      | 2886 ||| IDENTIFYING red potion
  2887 | D:4      | 2887 ||| READING 4 scrolls of identify.
  2887 | D:4      | 2887 ||| IDENTIFYING orange potion
  2888 | D:4      | 2888 ||| READING 3 scrolls of identify.
  2888 | D:4      | 2888 ||| IDENTIFYING fuming brown potion
  2889 | D:4      | 2889 ||| READING 2 scrolls of identify.
  2889 | D:4      | 2889 ||| IDENTIFYING viscous sapphire potion
  2890 | D:4      | 2890 ||| DROPPING potion of degeneration.
  2891 | D:4      | 2891 ||| DROPPING potion of magic.
  2892 | D:4      | 2892 ||| DROPPING potion of brilliance.
  2898 | D:5      | Entered Level 5 of the Dungeon
  2963 | D:5      | Found a shadowy altar of Dithmenos.
  2998 | D:5      | HP: 10/43 [ice beast (2)]
  2998 | D:5      | HP: 3/43 [ice beast (7)]
  3001 | D:5      | Slain by an ice beast

Levels and vault maps discovered:
D:1:      mrwooster_arrival_statue_2, layout_loops_ring,
          hellmonk_ecumenical_altar_leap_of_faith, minmay_hedge_maze
D:2:      layout_loops_ring, uniq_robin
D:3:      layout_loops_ring, hangedman_abyss_or_decor_lesser_grid
D:4:      layout_rooms, mainiacjoe_overflow_boulevard
D:5:      layout_basic, nicolae_elyvilon_peaceful_grove,
          overflow_temple_1_default

Skill      XL: |  1  2  3  4  5  6 |
---------------+-------------------+-----
Axes           | 2 3 4 5 |  5.7
Fighting       | 4 |  4.2
Dodging        | 1 |  1.8
Armour         | |  3.2
Shields        | |  3.2

Action                   |  1- 3 |  4- 6 |  7- 9 || total
-------------------------+-------+-------+-------++-------
Melee: War axe           |    96 |    83 |    14 ||   193
Throw: Boomerang         |    15 |    24 |     5 ||    44
  Use: Scroll            |     2 |     6 |     4 ||    12
       Potion            |     1 |     3 |       ||     4
Armor: Scale mail        |    45 |    55 |     7 ||   107
Dodge: Dodged            |    36 |    40 |     5 ||    81
Block: Buckler           |    19 |    21 |       ||    40

Table legend:
 A = Non-vault XP
 B = Vault XP
 C = Vault XP percentage of total XP
 D = Non-vault monster count
 E = Vault monster count
 F = Vault count percentage of total count
                 A         B        C        D         E       F
            +---------+---------+-------+---------+---------+-------
      Total |     591 |      36 |   5.7 |      52 |      12 |  18.8
            +---------+---------+-------+---------+---------+-------
        D:1 |      26 |       0 |   0.0 |      13 |       0 |   0.0
        D:2 |      27 |      36 |  57.1 |       9 |      12 |  57.1
        D:3 |     112 |       0 |   0.0 |      13 |       0 |   0.0
        D:4 |     424 |       0 |   0.0 |      16 |       0 |   0.0
        D:5 |       2 |       0 |   0.0 |       1 |       0 |   0.0
            +---------+---------+-------+---------+---------+-------
